 Dungeon Crawl Stone Soup version 0.21.1-1-g345015f (webtiles) character file.

830 letownia2 the Charmwright (level 7, 48/56 HPs)
             Began as a Gnoll Skald on Feb 27, 2018.
             Quit the game on level 6 of the Dungeon.
             The game lasted 00:09:10 (1466 turns).

letownia2 the Charmwright (Gnoll Skald)             Turns: 1466, Time: 00:09:11

Health: 48/56      AC:  5    Str: 14    XL:     7   Next: 97%
Magic:  11/15      EV: 14    Int: 17    God:
Gold:   164        SH:  0    Dex: 14    Spells: 6/17 levels left

rFire    . . .     SeeInvis .   a - +0 spear
rCold    + . .     Gourm    .   (no shield)
rNeg     . . .     Faith    .   b - +0 leather armour
rPois    .         Spirit   .   (no helmet)
rElec    .         Reflect  .   h - +1 cloak
rCorr    .         Harm     .   (no gloves)
MR       .....                  (no boots)
Stlth    +++.......             (no amulet)
HPRegen  0.18/turn              j - ring of protection from cold
MPRegen  0.14/turn              v - ring of stealth

@: no status effects
A: distributed training, fangs 1, strong nose
a: no special abilities


You were on level 6 of the Dungeon.
You were hungry.

You visited 1 branch of the dungeon, and saw 6 of its levels.

You collected 164 gold pieces.

Inventory:

Hand Weapons
 a - a +0 spear (weapon)
 r - a +0 trident
 y - a +0 quarterstaff
 A - a +0 shortbow
Missiles
 B - 3 arrows
Armour
 b - a +0 leather armour (worn)
 h - a +1 cloak (worn)
 s - a +0 ring mail
Jewellery
 j - a ring of protection from cold (left hand)
 v - a ring of stealth (right hand)
Wands
 p - a wand of random effects (21)
 C - a wand of flame (11)
Scrolls
 e - 3 scrolls of remove curse {unknown}
 g - a scroll of fear {unknown}
 k - 4 scrolls of teleportation {unknown}
 m - 2 scrolls of identify {unknown}
 n - 2 scrolls of enchant armour {unknown}
 o - a scroll of blinking {unknown}
 q - a scroll of magic mapping {unknown}
 w - a scroll of noise {unknown}
 z - a scroll of random uselessness {unknown}
Potions
 f - a potion of curing {unknown}
 i - a potion of lignification {unknown}
 l - 3 potions of might {unknown}
 t - a potion of invisibility {unknown}
 u - a potion of haste {unknown}
 x - a potion of degeneration {unknown}
Books
 c - a book of Battle

   Spells                             Type                      Level
   a - Infusion                       Charms                       1
   b - Shroud of Golubria             Charms/Translocation         2
   c - Song of Slaying                Charms                       2
   d - Spectral Weapon                Hexes/Charms                 3
   e - Regeneration                   Charms/Necromancy            3
Comestibles
 d - 3 rations


   Skills:
 + Level 5.4 Fighting
 + Level 2.7 Short Blades
 + Level 2.7 Long Blades
 + Level 2.7 Axes
 + Level 2.7 Maces & Flails
 + Level 5.4 Polearms
 + Level 2.7 Staves
 + Level 2.7 Slings
 + Level 2.7 Bows
 + Level 2.7 Crossbows
 + Level 2.7 Throwing
 + Level 3.8 Armour
 + Level 5.4 Dodging
 + Level 2.7 Stealth
 + Level 2.7 Shields
 + Level 2.7 Unarmed Combat
 + Level 5.7 Spellcasting
 + Level 2.2 Conjurations
 + Level 2.2 Hexes
 + Level 5.9 Charms
 + Level 2.2 Summonings
 + Level 2.2 Necromancy
 + Level 2.2 Translocations
 + Level 2.2 Transmutations
 + Level 2.2 Fire Magic
 + Level 2.2 Ice Magic
 + Level 2.2 Air Magic
 + Level 2.2 Earth Magic
 + Level 2.2 Poison Magic
 + Level 3.0 Invocations
 + Level 2.7 Evocations


You had 6 spell levels left.
You knew the following spells:

 Your Spells              Type           Power        Failure   Level  Hunger
a - Infusion              Chrm           ####         1%          1    None
g - Regeneration          Chrm/Necr      ###.......   9%          3    ##.....
l - Song of Slaying       Chrm           ####....     1%          2    #......
t - Shroud of Golubria    Chrm/Tloc      ###.......   4%          2    #......
x - Spectral Weapon       Hex/Chrm       ###.....     9%          3    ##.....


Dungeon Overview and Level Annotations

Branches:
Dungeon (6/15)
 Temple: D:4-7

Altars:
The Shining One


Innate Abilities, Weirdness & Mutations

Your experience applies equally to all skills.
You have very sharp teeth.
Your uncanny sense of smell can sniff out nearby items.


Message History

Your skin stops crawling.
C - a wand of flame (11)
Your spectral weapon fades away.
Your shroud unravels.
Found 8 gold pieces.
Your magical contamination has completely faded away.
You now have 148 gold pieces (gained 8).
Found a stone staircase leading down.
Casting: Regeneration
Confirm with . or Enter, or press ? or * to list all spells.
Your skin crawls.
Your skin is crawling a little less now.
Your skin stops crawling.
Found 16 gold pieces.
You now have 164 gold pieces (gained 16).
Put on which piece of jewellery? (? for menu, Esc to quit)
Okay, then.
Evoke which item? (* to show all) (? for menu, Esc to quit)
Okay, then.
Are you sure you want to abandon this character and quit the game? (Confirm with "yes".)

#...# #...## #....
#...
#..#############
#...............
#####.##############
#.......# #..@....#
+.......# #.......#
#.......# #.......#
######### ∆


There were no monsters in sight!

Vanquished Creatures
  A phantom (D:5)
  An ogre (D:5)
  A centaur (D:6)
  A bullfrog (D:6)
  The ghost of letownia2 the Charmwright, a weakling GnSk of Cheibriados (D:4)
  A howler monkey (D:5)
  A crimson imp (D:5)
  2 hounds
  An orc priest (D:4)
  2 orc wizards (D:4)
  3 worker ants
  A hound skeleton (D:4)
  4 adders
  4 gnolls (D:4)
  A dart slug (D:1)
  2 leopard geckos
  27 orcs
  4 giant cockroaches
  A goblin (D:2)
  5 hobgoblins
  2 jackals (D:3)
  A quokka (D:3)
  3 frilled lizards
  5 rats
75 creatures vanquished.

Vanquished Creatures (others)
  An orc (D:4)
  3 spectral weapons
4 creatures vanquished.

Grand Total: 79 creatures vanquished

Notes
Turn   | Place    | Note
-------+----------+-------------------------------------------
     0 | D:1      | letownia2 the Gnoll Skald began the quest for the Orb.
     0 | D:1      | Reached XP level 1. HP: 20/20 MP: 6/6
    85 | D:1      | Reached XP level 2. HP: 20/26 MP: 7/7
   126 | D:2      | Learned a level 2 spell: Song of Slaying
   129 | D:2      | Learned a level 2 spell: Shroud of Golubria
   252 | D:2      | Reached XP level 3. HP: 30/31 MP: 5/9
   262 | D:2      | Learned a level 3 spell: Regeneration
   266 | D:2      | Learned a level 3 spell: Spectral Weapon
   317 | D:3      | Reached skill level 5 in Spellcasting
   361 | D:3      | Reached skill level 1 in Invocations
   430 | D:4      | Reached skill level 1 in Short Blades
   430 | D:4      | Reached skill level 1 in Long Blades
   430 | D:4      | Reached skill level 1 in Axes
   430 | D:4      | Reached skill level 1 in Maces & Flails
   430 | D:4      | Reached skill level 1 in Staves
   430 | D:4      | Reached skill level 1 in Slings
   430 | D:4      | Reached skill level 1 in Bows
   430 | D:4      | Reached skill level 1 in Crossbows
   430 | D:4      | Reached skill level 1 in Throwing
   430 | D:4      | Reached skill level 1 in Stealth
   430 | D:4      | Reached skill level 1 in Shields
   430 | D:4      | Reached skill level 1 in Unarmed Combat
   430 | D:4      | Reached skill level 1 in Evocations
   430 | D:4      | Reached XP level 4. HP: 23/38 MP: 3/11
   469 | D:4      | Reached skill level 1 in Conjurations
   469 | D:4      | Reached skill level 1 in Hexes
   469 | D:4      | Reached skill level 1 in Summonings
   469 | D:4      | Reached skill level 1 in Necromancy
   469 | D:4      | Reached skill level 1 in Translocations
   469 | D:4      | Reached skill level 1 in Transmutations
   469 | D:4      | Reached skill level 1 in Fire Magic
   469 | D:4      | Reached skill level 1 in Ice Magic
   469 | D:4      | Reached skill level 1 in Air Magic
   469 | D:4      | Reached skill level 1 in Earth Magic
   469 | D:4      | Reached skill level 1 in Poison Magic
   480 | D:4      | Reached XP level 5. HP: 17/43 MP: 1/12
   515 | D:4      | Found a glowing golden altar of the Shining One.
   659 | D:4      | Noticed letownia2's ghost (weakling GnSk)
   677 | D:4      | Killed letownia2's ghost
   677 | D:4      | Reached XP level 6. HP: 42/50 MP: 2/13
   869 | D:4      | Reached skill level 5 in Fighting
   869 | D:4      | Reached skill level 5 in Polearms
   869 | D:4      | Reached skill level 5 in Dodging
   975 | D:5      | Entered Level 5 of the Dungeon
  1023 | D:5      | Reached XP level 7. HP: 56/56 MP: 6/15
  1466 | D:6      | Quit the game

Skill      XL: |  1  2  3  4  5  6  7 |
---------------+----------------------+-----
Spellcasting   | 5 |  5.7
Invocations    | 1 2 3 |  3.0
Short Blades   | 1 2 |  2.7
Long Blades    | 1 2 |  2.7
Axes           | 1 2 |  2.7
Maces & Flails | 1 2 |  2.7
Staves         | 1 2 |  2.7
Slings         | 1 2 |  2.7
Bows           | 1 2 |  2.7
Crossbows      | 1 2 |  2.7
Throwing       | 1 2 |  2.7
Stealth        | 1 2 |  2.7
Shields        | 1 2 |  2.7
Unarmed Combat | 1 2 |  2.7
Evocations     | 1 2 |  2.7
Conjurations   | 1 2 |  2.2
Hexes          | 1 2 |  2.2
Summonings     | 1 2 |  2.2
Necromancy     | 1 2 |  2.2
Translocations | 1 2 |  2.2
Transmutations | 1 2 |  2.2
Fire Magic     | 1 2 |  2.2
Ice Magic      | 1 2 |  2.2
Air Magic      | 1 2 |  2.2
Earth Magic    | 1 2 |  2.2
Poison Magic   | 1 2 |  2.2
Armour         | 3 |  3.8
Fighting       | 5 |  5.4
Polearms       | 5 |  5.4
Dodging        | 5 |  5.4
Charms         | |  5.9

Action                   |  1- 3 |  4- 6 |  7- 9 || total
-------------------------+-------+-------+-------++-------
Melee: Spear             |    89 |   143 |    74 ||   306
       Bite              |     4 |    15 |     4 ||    23
       Punch             |       |       |     2 ||     2
 Cast: Infusion          |     2 |       |       ||     2
       Shroud of Golubri |     6 |     9 |     6 ||    21
       Spectral Weapon   |     1 |     8 |     6 ||    15
       Regeneration      |     1 |     4 |     3 ||     8
       Song of Slaying   |     1 |     4 |     1 ||     6
Evoke: Wand              |       |     2 |       ||     2
 Stab: Sleeping          |     1 |       |     2 ||     3
       Distracted        |       |     1 |     1 ||     2
  Eat: Chunk             |       |     1 |     3 ||     4
Armor: Leather armour    |    12 |    22 |     9 ||    43
Dodge: Dodged            |    49 |    97 |    35 ||   181
